Stars vs Blackhawks

Created - 8 février 2018 at 15:55

Goals
1 2 3 OT1 SO T
Stars 2 0 1 0 0 3
Blackhawks 0 2 1 0 2 4
Shots
1 2 3 OT1 SO T
Stars 12 9 9 2 2 32
Blackhawks 5 12 18 0 2 35

1st period

1. Stars , Kevin Shattenkirk 2 (Jeff Carter 22, Joni Pitkanen 36) at 6:14
2. Stars , Jeff Carter 22 (Sean Monahan 14, Joni Pitkanen 37) at 7:09

Penalties :
Brett Skinner (CHI) for Roughing (Minor) at 7:53, Mika Zibanejad (CHI) for Holding (Minor) at 11:00, Justin Faulk (CHI) for Roughing (Minor) at 18:43

2nd period

3. Blackhawks , Justin Faulk 3 (Jamie Benn 15, Martin Havlat 20) at 1:28
4. Blackhawks , Brett Skinner 9 (Martin Havlat 21, Shea Weber 38) at 19:04 (PP)

Penalties :
Jamie Benn (CHI) for Holding (Minor) at 3:40, Joni Pitkanen (DAL) for Holding (Minor) at 3:40, Taylor Hall (CHI) for Slashing (Minor) at 8:45, Joni Pitkanen (DAL) for Hooking (Minor) at 18:00

3rd period

5. Stars , Jeff Carter 23 (Joni Pitkanen 38) at 0:32
6. Blackhawks , Nikolaj Ehlers 8 (John Carlson 31, Steven Stamkos 19) at 7:38

Penalties :
Brett Skinner (CHI) for Hooking (Minor) at 16:40

Overtime #1

No Goal

Penalties :
No Penalty

Shootout

Penalty Shot by Loui Eriksson for Stars - Stopped by Nolan Schaefer
Penalty Shot by Steven Stamkos for Blackhawks - Goal!
Penalty Shot by Jeff Carter for Stars - Stopped by Nolan Schaefer
Penalty Shot by Nikolaj Ehlers for Blackhawks - Goal!

Penalties :
No Penalty

Goalie Stats

Frederik Andersen (DAL), 32 saves from 35 shots - (0,914), OTL, 27-16-6, 65:00 minutes
Nolan Schaefer (CHI), 29 saves from 32 shots - (0,906), W, 26-11-2, 65:00 minutes

Players Stats for Stars

Player Name              G  A  P  +/- PIM S  H  SB GA TA FO     MP     PP MP  PK MP  
------------------------------------------------------------------------------------
Alexander Killorn        0  0  0   0  0   0  1  0  0  0  0/0    11:58   0:00   0:00 
Anze Kopitar             0  0  0   0  0   2  0  1  0  0  15/32  24:46   4:59   0:00 
Brent Aubin              0  0  0   0  0   3  5  0  0  0  1/1    21:48   4:56   0:00 
Brett Pesce              0  0  0   0  0   0  1  1  0  0  0/0    16:04   0:00   0:38 
Brian Flynn              0  0  0  -1  0   1  0  0  0  0  2/2     4:45   0:00   0:38 
David Desharnais         0  0  0  -1  0   2  0  0  0  0  12/30  17:01   0:18   0:38 
Jeff Carter              2  1  3   2  0   4  2  1  0  0  3/3    22:19   4:59   0:00 
Jeff Petry               0  0  0   0  0   1  1  0  0  0  0/0    15:09   0:00   0:26 
Jim Slater               0  0  0  -1  0   0  0  0  0  0  1/1     4:33   0:00   0:26 
Joel Eriksson Ek         0  0  0   0  0   0  0  0  0  0  0/0     0:00   0:00   0:00 
Joni Pitkanen            0  3  3   1  4   2  2  2  0  0  0/0    23:01   4:45   0:00 
Kevin Shattenkirk        1  0  1   1  0   2  0  0  0  0  0/0    23:23   4:45   0:38 
Loui Eriksson            0  0  0   0  0   7  1  0  0  0  1/5    19:44   4:56   0:00 
Michael Grabner          0  0  0   0  0   3  0  0  0  0  1/6    24:19   4:59   0:00 
Milan Michalek           0  0  0   2  0   0  0  0  0  0  0/0    15:47   0:00   0:26 
Ryan Suter               0  0  0   0  0   2  0  0  0  0  0/0    24:55   5:10   0:26 
Sean Monahan             0  1  1   2  0   3  0  0  0  0  17/25  19:57   4:38   0:00 
Zach Bogosian            0  0  0   0  0   0  6  1  0  0  0/0    22:26   5:10   0:00 

Players Stats for Blackhawks

Player Name              G  A  P  +/- PIM S  H  SB GA TA FO     MP     PP MP  PK MP  
------------------------------------------------------------------------------------
Brett Skinner            1  0  1   1  4   1  4  0  0  0  0/0    16:56   0:16   0:00 
Bryan Little             0  0  0   0  0   4  1  0  0  0  8/18   19:55   0:16   3:11 
David Rundblad           0  0  0   0  0   0  0  1  0  0  0/0     5:48   0:00   4:36 
Derek Forbort            0  0  0  -1  0   1  1  1  0  0  0/0    16:55   0:00   0:00 
Jamie Benn               0  1  1   1  2   0  1  0  0  0  1/1    14:38   0:00   0:00 
Jamie Devane             0  0  0  -1  0   0  0  0  0  0  0/3     3:34   0:00   0:00 
John Carlson             0  1  1   1  0   1  0  3  0  0  0/0    22:01   0:00   5:19 
Justin Faulk             1  0  1  -1  2   2  2  2  0  0  0/0    18:57   0:48   4:00 
Martin Havlat            0  2  2   1  0   6  0  0  0  0  4/6    21:23   0:16   3:11 
Mika Zibanejad           0  0  0  -1  2   0  4  0  0  0  3/4    18:14   0:00   0:00 
Nikolaj Ehlers           1  0  1  -2  0   3  0  0  0  0  0/2    18:33   0:16   0:00 
Ryan Bourque             0  0  0   0  0   0  0  0  0  0  0/0     0:14   0:00   0:14 
Ryan Nugent-Hopkins      0  0  0   1  0   4  0  0  0  0  13/26  14:16   0:00   0:00 
Shea Weber               0  1  1  -1  0   1  4  1  0  0  0/0    21:11   0:16   1:11 
Steven Stamkos           0  1  1  -1  0   5  3  2  0  0  17/27  25:41   0:48   6:30 
Taylor Hall              0  0  0  -1  2   4  1  0  0  0  3/11   22:21   0:48   5:10 
Tyler Johnson            0  0  0   0  0   3  0  0  0  0  3/7    19:14   0:48   1:34 
Victor Hedman            0  0  0  -1  0   0  0  1  0  0  0/0    23:09   0:48   4:44 

3 Stars

1 - Jeff Carter (DAL)
2 - Martin Havlat (CHI)
3 - Joni Pitkanen (DAL)

Power Play

Stars - 0 on 5 Attempt(s) - 0,00%
Blackhawks - 1 on 1 Attempt(s) - 100,00%

Penalty Kill

Stars - 0 on 1 Attempt(s) - 0,00% - Score 0 goal in Penalty Kill
Blackhawks - 5 on 5 Attempt(s) - 100,00% - Score 0 goal in Penalty Kill

Team Stat

Stars - Hits : 19 - Faceoff Wins : 53 - Blocked Shots : 6 - Penalty Minutes : 4
Blackhawks - Hits : 21 - Faceoff Wins : 52 - Blocked Shots : 11 - Penalty Minutes : 12

Official

Referees : Dennis LaRue and Rob Martell
Linesman : Jake Davis and Bryan Pancich

Game Notes

No Game Note

Finance

Level 1 -- Attendance: 6393 (98,35%) -- Ticket Income 639 300 $
Level 2 -- Attendance: 5107 (92,85%) -- Ticket Income 357 490 $
Level 3 -- Attendance: 1911 (76,44%) -- Ticket Income 95 550 $
Level 4 -- Attendance: 4418 (98,18%) -- Ticket Income 132 540 $
Luxury Box -- Attendance: 2250 (60,00%) -- Ticket Income 787 500 $
Game was played at the The United Center.
Total Attendance: 20079 (88,26%)
Total Ticket Income: 2 012 380 $
Other Income: 986 066 $
Total Income: 2 998 446 $

Stars

5 vs 5 Forward 
   Center                   Left Wing                Right Wing               Time % Phy DF OF 
 1 Anze Kopitar             Brent Aubin              Michael Grabner          34     0   1  4  
 2 Sean Monahan             Jeff Carter              Milan Michalek           32     0   2  3  
 3 David Desharnais         Alexander Killorn        Loui Eriksson            29     0   3  2  
 4 David Desharnais         Jim Slater               Brian Flynn              5      1   3  1  

5 vs 5 Defense 
   Defense                  Defense                                           Time % Phy DF OF 
 1 Joni Pitkanen            Kevin Shattenkirk                                 34     0   3  2  
 2 Zach Bogosian            Ryan Suter                                        32     0   3  2  
 3 Brett Pesce              Jeff Petry                                        29     0   3  2  
 4 Brett Pesce              Ryan Suter                                        5      0   4  1  

PowerPlay Forward 
   Center                   Left Wing                Right Wing               Time % Phy DF OF 
 1 Anze Kopitar             Jeff Carter              Michael Grabner          50     0   0  5  
 2 Sean Monahan             Loui Eriksson            Brent Aubin              50     0   0  5  

PowerPlay Defense
   Defense                  Defense                                           Time % Phy DF OF 
 1 Joni Pitkanen            Kevin Shattenkirk                                 50     0   1  4  
 2 Ryan Suter               Zach Bogosian                                     50     0   1  4  

Penalty Kill 4 Players Forward 
   Center                   Wing                     Time % Phy DF OF 
 1 David Desharnais         Brian Flynn              55     0   4  1  
 2 Jim Slater               Milan Michalek           45     0   4  1  

Penalty Kill 4 Players Defense
   Defense                  Defense                  Time % Phy DF OF 
 1 Joni Pitkanen            Brett Pesce              55     0   5  0  
 2 Ryan Suter               Jeff Petry               45     0   5  0  

Penalty Kill - 3 Players Forward 
   Forward                                           Time % Phy DF OF 
 1 David Desharnais                                  55     0   5  0  
 2 Jim Slater                                        45     0   5  0  

Penalty Kill - 3 Players Defense
   Defense                  Defense                  Time % Phy DF OF 
 1 Joni Pitkanen            Ryan Suter               55     0   5  0  
 2 Brett Pesce              Jeff Petry               45     0   5  0  

4 vs 4 Forward 
   Center                   Wing                     Time % Phy DF OF 
 1 Anze Kopitar             Michael Grabner          55     1   2  2  
 2 Jeff Carter              Loui Eriksson            45     1   2  2  

4 vs 4 Defense
   Defense                  Defense                  Time % Phy DF OF 
 1 Joni Pitkanen            Kevin Shattenkirk        55     1   2  2  
 2 Ryan Suter               Zach Bogosian            45     1   2  2  

Last Minutes Offensive
   Center                   Left Wing                Right Wing               Defense                  Defense                  
   Jeff Carter              Michael Grabner          Loui Eriksson            Joni Pitkanen            Kevin Shattenkirk        

Last Minutes Defensive
   Center                   Left Wing                Right Wing               Defense                  Defense                  
   Anze Kopitar             Loui Eriksson            Milan Michalek           Ryan Suter               Joni Pitkanen            

Goaltenders
Starting : Frederik Andersen        
Backup : Al Montoya               

Extra Forwards
Normal : Sean Monahan, Milan Michalek, Michael Grabner - PP : Milan Michalek, David Desharnais - PK : Jeff Carter
Extra Defensemen
Normal : Brett Pesce, Jeff Petry, Ryan Suter - PP : Brett Pesce - PK : Zach Bogosian, Ryan Suter
Penalty Shots
Loui Eriksson, Jeff Carter, Milan Michalek, Michael Grabner, Brent Aubin
Custom OT Lines Forwards
Anze Kopitar, Michael Grabner, Jeff Carter, Loui Eriksson, Sean Monahan, Milan Michalek, David Desharnais, Brian Flynn, Alexander Killorn, 
Custom OT Lines Defensemen
Joni Pitkanen, Ryan Suter, Kevin Shattenkirk, Zach Bogosian, Brett Pesce

Scratches
Pavel Datsyuk (Broken Bone (Right Leg) Injury)

Blackhawks

5 vs 5 Forward 
   Center                   Left Wing                Right Wing               Time % Phy DF OF 
 1 Steven Stamkos           Taylor Hall              Nikolaj Ehlers           33     0   2  3  
 2 Bryan Little             Tyler Johnson            Mika Zibanejad           33     0   2  3  
 3 Ryan Nugent-Hopkins      Jamie Benn               Martin Havlat            33     0   3  2  
 4 Jamie Devane             Nikolaj Ehlers           Mika Zibanejad           1      0   3  2  

5 vs 5 Defense 
   Defense                  Defense                                           Time % Phy DF OF 
 1 Shea Weber               Victor Hedman                                     35     0   3  2  
 2 Brett Skinner            John Carlson                                      35     0   3  2  
 3 Justin Faulk             Derek Forbort                                     30     0   3  2  
 4 Shea Weber               Derek Forbort                                     0      0   3  2  

PowerPlay Forward 
   Center                   Left Wing                Right Wing               Time % Phy DF OF 
 1 Bryan Little             Nikolaj Ehlers           Martin Havlat            50     0   0  5  
 2 Tyler Johnson            Taylor Hall              Steven Stamkos           50     0   0  5  

PowerPlay Defense
   Defense                  Defense                                           Time % Phy DF OF 
 1 Shea Weber               Brett Skinner                                     50     0   1  4  
 2 Victor Hedman            Justin Faulk                                      50     0   1  4  

Penalty Kill 4 Players Forward 
   Center                   Wing                     Time % Phy DF OF 
 1 Taylor Hall              Steven Stamkos           60     0   3  2  
 2 Martin Havlat            Bryan Little             40     0   3  2  

Penalty Kill 4 Players Defense
   Defense                  Defense                  Time % Phy DF OF 
 1 Justin Faulk             John Carlson             60     0   3  2  
 2 Victor Hedman            David Rundblad           40     0   3  2  

Penalty Kill - 3 Players Forward 
   Forward                                           Time % Phy DF OF 
 1 Steven Stamkos                                    60     0   3  2  
 2 Bryan Little                                      40     0   3  2  

Penalty Kill - 3 Players Defense
   Defense                  Defense                  Time % Phy DF OF 
 1 Shea Weber               David Rundblad           60     0   3  2  
 2 Victor Hedman            Brett Skinner            40     0   3  2  

4 vs 4 Forward 
   Center                   Wing                     Time % Phy DF OF 
 1 Steven Stamkos           Martin Havlat            60     0   3  2  
 2 Tyler Johnson            Bryan Little             40     0   3  2  

4 vs 4 Defense
   Defense                  Defense                  Time % Phy DF OF 
 1 David Rundblad           Justin Faulk             60     0   2  3  
 2 Victor Hedman            Derek Forbort            40     0   2  3  

Last Minutes Offensive
   Center                   Left Wing                Right Wing               Defense                  Defense                  
   Steven Stamkos           Tyler Johnson            Martin Havlat            Shea Weber               Brett Skinner            

Last Minutes Defensive
   Center                   Left Wing                Right Wing               Defense                  Defense                  
   Steven Stamkos           Tyler Johnson            Martin Havlat            Shea Weber               Brett Skinner            

Goaltenders
Starting : Nolan Schaefer           
Backup : Cory Schneider           

Extra Forwards
Normal : Martin Havlat, Bryan Little, Steven Stamkos - PP : Steven Stamkos, Bryan Little - PK : Steven Stamkos
Extra Defensemen
Normal : Brett Skinner, Shea Weber, Victor Hedman - PP : Shea Weber - PK : Shea Weber, Victor Hedman
Penalty Shots
Steven Stamkos, Nikolaj Ehlers, Martin Havlat, Bryan Little, Taylor Hall
Custom OT Lines Forwards
Steven Stamkos, Tyler Johnson, Martin Havlat, Bryan Little, Taylor Hall, Jamie Benn, Mika Zibanejad, Nikolaj Ehlers, Ryan Nugent-Hopkins, Jamie Devane
Custom OT Lines Defensemen
Shea Weber, Derek Forbort, Victor Hedman, Justin Faulk, Brett Skinner

Scratches
None


% Time on Ice - Stars

Lines # - Real PCT - Wanted PCT - Time Play
Normal Forward
1 - 36% - 34% - 16:52
2 - 30% - 32% - 14:05
3 - 25% - 29% - 11:58
4 - 9% - 5% - 4:07
Normal Defense
1 - 35% - 34% - 16:19
2 - 33% - 32% - 15:31
3 - 31% - 29% - 14:43
4 - 1% - 5% - 0:29
PP Forward
1 - 50% - 50% - 4:59
2 - 50% - 50% - 4:56
PP Defense
1 - 48% - 50% - 4:45
2 - 52% - 50% - 5:10
PK Forward
1 - 59% - 55% - 0:38
2 - 41% - 45% - 0:26
PK Defense
1 - 59% - 55% - 0:38
2 - 41% - 45% - 0:26
PK3 Forward
1 - 0% - 55%
2 - 0% - 45%
PK3 Defense
1 - 0% - 55%
2 - 0% - 45%
44 Forward
1 - 36% - 55% - 0:43
2 - 64% - 45% - 1:16
44 Defense
1 - 12% - 55% - 0:14
2 - 88% - 45% - 1:45
Last Minute Offensive  - 0:00
Last Minute Defensive  - 0:00
Total
Forward - 60:00
Defense - 60:00

% Time on Ice - Blackhawks

Lines # - Real PCT - Wanted PCT - Time Play
Normal Forward
1 - 31% - 33% - 14:43
2 - 31% - 33% - 14:29
3 - 30% - 33% - 14:16
4 - 8% - 1% - 3:34
Normal Defense
1 - 34% - 35% - 16:07
2 - 36% - 35% - 16:42
3 - 27% - 30% - 12:46
4 - 3% - 0% - 1:27
PP Forward
1 - 25% - 50% - 0:16
2 - 75% - 50% - 0:48
PP Defense
1 - 25% - 50% - 0:16
2 - 75% - 50% - 0:48
PK Forward
1 - 68% - 60% - 6:44
2 - 32% - 40% - 3:11
PK Defense
1 - 54% - 60% - 5:19
2 - 46% - 40% - 4:36
PK3 Forward
1 - 0% - 60%
2 - 0% - 40%
PK3 Defense
1 - 0% - 60%
2 - 0% - 40%
44 Forward
1 - 72% - 60% - 1:26
2 - 28% - 40% - 0:33
44 Defense
1 - 61% - 60% - 1:12
2 - 39% - 40% - 0:47
Last Minute Offensive  - 0:00
Last Minute Defensive  - 0:00
Total
Forward - 60:00
Defense - 60:00

Play by Play

1st period


0:01 of 1st period - Steven Stamkos wins face-off versus Anze Kopitar in neutral zone.
0:18 of 1st period - Shot by Michael Grabner.
0:18 of 1st period - Deflect By Anze Kopitar.
0:18 of 1st period - Stopped by Nolan Schaefer without a rebound.
0:19 of 1st period - Sean Monahan wins face-off versus Bryan Little in Blackhawks zone.
0:40 of 1st period - Tyler Johnson is hit by Jeff Carter and loses puck.
0:52 of 1st period - Tyler Johnson is hit by Zach Bogosian and loses puck.
1:02 of 1st period - Off-side.
1:03 of 1st period - Ryan Nugent-Hopkins wins face-off versus David Desharnais in neutral zone.
1:06 of 1st period - Shot by Martin Havlat.
1:06 of 1st period - Stopped by Frederik Andersen without a rebound.
1:07 of 1st period - Ryan Nugent-Hopkins wins face-off versus David Desharnais in Stars zone.
1:15 of 1st period - Icing by Justin Faulk.
1:16 of 1st period - David Desharnais wins face-off versus Ryan Nugent-Hopkins in Blackhawks zone.
1:43 of 1st period - Shot by Loui Eriksson.
1:43 of 1st period - Shot Misses the Net.
1:45 of 1st period - Shot by Loui Eriksson.
1:45 of 1st period - Stopped by Nolan Schaefer without a rebound.
1:46 of 1st period - Anze Kopitar wins face-off versus Steven Stamkos in Blackhawks zone.
2:03 of 1st period - Shot by Victor Hedman.
2:03 of 1st period - Shot Blocked by Joni Pitkanen.
2:24 of 1st period - Icing by Taylor Hall.
2:25 of 1st period - David Desharnais wins face-off versus Steven Stamkos in Blackhawks zone.
2:53 of 1st period - Off-side.
2:54 of 1st period - Bryan Little wins face-off versus Sean Monahan in neutral zone.
3:31 of 1st period - Shot by Sean Monahan.
3:31 of 1st period - Shot Blocked by John Carlson.
3:33 of 1st period - Shot by Kevin Shattenkirk.
3:33 of 1st period - Shot Blocked by John Carlson.
4:05 of 1st period - Shot by Loui Eriksson.
4:05 of 1st period - Stopped by Nolan Schaefer without a rebound.
4:06 of 1st period - Anze Kopitar wins face-off versus Ryan Nugent-Hopkins in Blackhawks zone.
4:17 of 1st period - Shot by Michael Grabner.
4:17 of 1st period - Stopped by Nolan Schaefer without a rebound.
4:18 of 1st period - Steven Stamkos wins face-off versus David Desharnais in Blackhawks zone.
4:25 of 1st period - Victor Hedman is hit by Alexander Killorn and loses puck.
4:58 of 1st period - Shot by Taylor Hall.
4:58 of 1st period - Deflect By Steven Stamkos.
4:58 of 1st period - Stopped by Frederik Andersen without a rebound.
4:59 of 1st period - Michael Grabner wins face-off versus Ryan Nugent-Hopkins in Stars zone.
5:30 of 1st period - Shot by Jamie Benn.
5:30 of 1st period - Deflect By Martin Havlat.
5:30 of 1st period - Shot Misses the Net.
5:50 of 1st period - Icing by Jeff Petry.
5:51 of 1st period - Anze Kopitar wins face-off versus Jamie Devane in Stars zone.
6:14 of 1st period - Shot by Kevin Shattenkirk.
6:14 of 1st period - Goal by Kevin Shattenkirk - Stars : 1 - Blackhawks : 0.
6:15 of 1st period - Bryan Little wins face-off versus David Desharnais in neutral zone.
6:31 of 1st period - Shot by Loui Eriksson.
6:31 of 1st period - Shot Misses the Net.
6:33 of 1st period - Shot by Loui Eriksson.
6:33 of 1st period - Stopped by Nolan Schaefer without a rebound.
6:34 of 1st period - Jeff Carter wins face-off versus Steven Stamkos in Blackhawks zone.
6:34 of 1st period - Kevin Shattenkirk is hit by Justin Faulk and loses puck.
7:09 of 1st period - Shot by Jeff Carter.
7:09 of 1st period - Goal by Jeff Carter - Stars : 2 - Blackhawks : 0.
7:10 of 1st period - Ryan Nugent-Hopkins wins face-off versus Anze Kopitar in neutral zone.
7:16 of 1st period - Ryan Nugent-Hopkins is hit by Brett Pesce and loses puck.
7:35 of 1st period - Shot by Michael Grabner.
7:35 of 1st period - Shot Misses the Net.
7:52 of 1st period - Michael Grabner is hit by Brett Skinner and loses puck.
7:53 of 1st period - Minor Penalty to Brett Skinner for Roughing.
7:54 of 1st period - Taylor Hall wins face-off versus Sean Monahan in Blackhawks zone.
8:19 of 1st period - Icing by Loui Eriksson.
8:20 of 1st period - Brent Aubin wins face-off versus Taylor Hall in Stars zone.
8:30 of 1st period - Loui Eriksson is hit by Justin Faulk.
8:32 of 1st period - Shot by Kevin Shattenkirk.
8:32 of 1st period - Shot Misses the Net.
8:34 of 1st period - Shot by Joni Pitkanen.
8:34 of 1st period - Shot Blocked by Justin Faulk.
8:36 of 1st period - Shot by Kevin Shattenkirk.
8:36 of 1st period - Shot Misses the Net.
8:38 of 1st period - Shot by Loui Eriksson.
8:38 of 1st period - Deflect By Sean Monahan.
8:38 of 1st period - Shot Misses the Net.
8:58 of 1st period - Shot by Ryan Suter.
8:58 of 1st period - Stopped by Nolan Schaefer without a rebound.
8:59 of 1st period - Anze Kopitar wins face-off versus Martin Havlat in Blackhawks zone.
9:00 of 1st period - Shot by Zach Bogosian.
9:00 of 1st period - Shot Misses the Net.
9:15 of 1st period - Icing by Ryan Suter.
9:16 of 1st period - Anze Kopitar wins face-off versus Taylor Hall in Stars zone.
9:27 of 1st period - Shot by Anze Kopitar.
9:27 of 1st period - Deflect By Jeff Carter.
9:27 of 1st period - Shot Blocked by David Rundblad.
9:35 of 1st period - Shot by Anze Kopitar.
9:35 of 1st period - Stopped by Nolan Schaefer without a rebound.
9:36 of 1st period - Martin Havlat wins face-off versus Sean Monahan in Blackhawks zone.
9:53 of 1st period - Off-side.
9:54 of 1st period - David Desharnais wins face-off versus Bryan Little in neutral zone.
10:00 of 1st period - David Desharnais is hit by Shea Weber and loses puck.
10:04 of 1st period - Icing by Victor Hedman.
10:05 of 1st period - Sean Monahan wins face-off versus Bryan Little in Blackhawks zone.
10:21 of 1st period - Icing by Mika Zibanejad.
10:22 of 1st period - Bryan Little wins face-off versus Loui Eriksson in Blackhawks zone.
10:44 of 1st period - Tyler Johnson is hit by Zach Bogosian and loses puck.
11:00 of 1st period - Minor Penalty to Mika Zibanejad for Holding.
11:01 of 1st period - Anze Kopitar wins face-off versus Taylor Hall in Blackhawks zone.
11:30 of 1st period - Off-side.
11:31 of 1st period - Taylor Hall wins face-off versus Sean Monahan in neutral zone.
11:56 of 1st period - Brent Aubin is hit by Steven Stamkos and loses puck.
12:35 of 1st period - Shot by Jeff Carter.
12:35 of 1st period - Stopped by Nolan Schaefer without a rebound.
12:36 of 1st period - Anze Kopitar wins face-off versus Taylor Hall in Blackhawks zone.
12:57 of 1st period - Shot by Joni Pitkanen.
12:57 of 1st period - Shot Misses the Net.
12:59 of 1st period - Shot by Joni Pitkanen.
12:59 of 1st period - Stopped by Nolan Schaefer without a rebound.
13:00 of 1st period - Brian Flynn wins face-off versus Jamie Devane in Blackhawks zone.
13:09 of 1st period - Shot by David Desharnais.
13:09 of 1st period - Shot Misses the Net.
13:11 of 1st period - Shot by Brian Flynn.
13:11 of 1st period - Stopped by Nolan Schaefer without a rebound.
13:12 of 1st period - Anze Kopitar wins face-off versus Ryan Nugent-Hopkins in Blackhawks zone.
13:12 of 1st period - Michael Grabner is hit by Brett Skinner and loses puck.
13:53 of 1st period - Shot by Anze Kopitar.
13:53 of 1st period - Shot Misses the Net.
14:03 of 1st period - Martin Havlat is hit by Brent Aubin and loses puck.
14:16 of 1st period - Shot by Jeff Carter.
14:16 of 1st period - Shot Misses the Net.
14:33 of 1st period - Jeff Carter is hit by Brett Skinner and loses puck.
15:15 of 1st period - Shot by Steven Stamkos.
15:15 of 1st period - Stopped by Frederik Andersen without a rebound.
15:16 of 1st period - David Desharnais wins face-off versus Bryan Little in Stars zone.
15:16 of 1st period - David Desharnais is hit by Mika Zibanejad.
15:51 of 1st period - Alexander Killorn is hit by Shea Weber.
15:59 of 1st period - Shot by Bryan Little.
15:59 of 1st period - Stopped by Frederik Andersen without a rebound.
16:00 of 1st period - Steven Stamkos wins face-off versus Anze Kopitar in Stars zone.
16:23 of 1st period - Shot by Brent Aubin.
16:23 of 1st period - Shot Misses the Net.
16:34 of 1st period - Brent Aubin is hit by Steven Stamkos and loses puck.
16:56 of 1st period - Icing by Ryan Suter.
16:57 of 1st period - Mika Zibanejad wins face-off versus Anze Kopitar in Stars zone.
17:34 of 1st period - Shot by Bryan Little.
17:34 of 1st period - Stopped by Frederik Andersen without a rebound.
17:35 of 1st period - Ryan Nugent-Hopkins wins face-off versus David Desharnais in Stars zone.
18:19 of 1st period - Icing by Martin Havlat.
18:20 of 1st period - Ryan Nugent-Hopkins wins face-off versus Sean Monahan in Blackhawks zone.
18:36 of 1st period - Icing by Joni Pitkanen.
18:37 of 1st period - Steven Stamkos wins face-off versus Sean Monahan in Stars zone.
18:43 of 1st period - Minor Penalty to Justin Faulk for Roughing.
18:44 of 1st period - Anze Kopitar wins face-off versus Taylor Hall in Blackhawks zone.
Goals for this period are 2 for Stars vs 0 for Blackhawks.
Shots for this period are 12 for Stars vs 5 for Blackhawks.

2nd period


0:01 of 2nd period - Sean Monahan wins face-off versus Taylor Hall in neutral zone.
0:37 of 2nd period - Shot by Ryan Suter.
0:37 of 2nd period - Shot Misses the Net.
1:16 of 2nd period - Shot by Martin Havlat.
1:16 of 2nd period - Shot Misses the Net.
1:28 of 2nd period - Shot by Justin Faulk.
1:28 of 2nd period - Goal by Justin Faulk - Stars : 2 - Blackhawks : 1.
1:29 of 2nd period - Sean Monahan wins face-off versus Bryan Little in neutral zone.
1:29 of 2nd period - Jeff Carter is hit by Mika Zibanejad and loses puck.
1:46 of 2nd period - Shot by Tyler Johnson.
1:46 of 2nd period - Stopped by Frederik Andersen without a rebound.
1:47 of 2nd period - Steven Stamkos wins face-off versus Michael Grabner in Stars zone.
2:24 of 2nd period - Shot by Nikolaj Ehlers.
2:24 of 2nd period - Deflect By Taylor Hall.
2:24 of 2nd period - Stopped by Frederik Andersen with a rebound.
2:45 of 2nd period - Icing by Shea Weber.
2:46 of 2nd period - Loui Eriksson wins face-off versus Bryan Little in Blackhawks zone.
2:46 of 2nd period - Loui Eriksson is hit by Shea Weber.
2:54 of 2nd period - Shot by David Desharnais.
2:54 of 2nd period - Shot Blocked by Victor Hedman.
3:06 of 2nd period - Shot by Mika Zibanejad.
3:06 of 2nd period - Shot Misses the Net.
3:19 of 2nd period - Shot by Bryan Little.
3:19 of 2nd period - Shot Misses the Net.
3:33 of 2nd period - Shot by Tyler Johnson.
3:33 of 2nd period - Stopped by Frederik Andersen with a rebound.
3:40 of 2nd period - Minor Penalty to Jamie Benn for Holding.
3:40 of 2nd period - Minor Penalty to Joni Pitkanen for Holding.
3:41 of 2nd period - Steven Stamkos wins face-off versus Anze Kopitar in Stars zone.
3:41 of 2nd period - Steven Stamkos is hit by Zach Bogosian.
3:44 of 2nd period - Martin Havlat is hit by Zach Bogosian and loses puck.
3:59 of 2nd period - Shot by Justin Faulk.
3:59 of 2nd period - Stopped by Frederik Andersen without a rebound.
4:00 of 2nd period - Steven Stamkos wins face-off versus Michael Grabner in Stars zone.
4:03 of 2nd period - Shot by Martin Havlat.
4:03 of 2nd period - Stopped by Frederik Andersen with a rebound.
4:05 of 2nd period - Shot by David Rundblad.
4:05 of 2nd period - Shot Misses the Net.
4:07 of 2nd period - Shot by Martin Havlat.
4:07 of 2nd period - Shot Misses the Net.
4:09 of 2nd period - Shot by Steven Stamkos.
4:09 of 2nd period - Stopped by Frederik Andersen without a rebound.
4:10 of 2nd period - Steven Stamkos wins face-off versus Anze Kopitar in Stars zone.
4:23 of 2nd period - Shot by Martin Havlat.
4:23 of 2nd period - Stopped by Frederik Andersen without a rebound.
4:24 of 2nd period - Jeff Carter wins face-off versus Steven Stamkos in Stars zone.
4:24 of 2nd period - Jeff Carter is hit by Steven Stamkos.
5:16 of 2nd period - Shot by Tyler Johnson.
5:16 of 2nd period - Shot Misses the Net.
5:24 of 2nd period - Shot by Bryan Little.
5:24 of 2nd period - Deflect By Tyler Johnson.
5:24 of 2nd period - Shot Misses the Net.
6:15 of 2nd period - Shot by Anze Kopitar.
6:15 of 2nd period - Shot Misses the Net.
6:17 of 2nd period - Shot by Brett Pesce.
6:17 of 2nd period - Shot Blocked by John Carlson.
6:34 of 2nd period - Off-side.
6:35 of 2nd period - David Desharnais wins face-off versus Ryan Nugent-Hopkins in neutral zone.
6:39 of 2nd period - Off-side.
6:40 of 2nd period - Jim Slater wins face-off versus Ryan Nugent-Hopkins in neutral zone.
6:53 of 2nd period - Shot by Joni Pitkanen.
6:53 of 2nd period - Stopped by Nolan Schaefer without a rebound.
6:54 of 2nd period - Steven Stamkos wins face-off versus Sean Monahan in Blackhawks zone.
7:21 of 2nd period - Shot by Jeff Carter.
7:21 of 2nd period - Stopped by Nolan Schaefer without a rebound.
7:22 of 2nd period - David Desharnais wins face-off versus Mika Zibanejad in Blackhawks zone.
7:31 of 2nd period - Shot by Loui Eriksson.
7:31 of 2nd period - Shot Misses the Net.
7:53 of 2nd period - Shot by David Desharnais.
7:53 of 2nd period - Stopped by Nolan Schaefer without a rebound.
7:54 of 2nd period - Anze Kopitar wins face-off versus Ryan Nugent-Hopkins in Blackhawks zone.
7:54 of 2nd period - Anze Kopitar is hit by Shea Weber.
8:10 of 2nd period - Shot by Michael Grabner.
8:10 of 2nd period - Stopped by Nolan Schaefer without a rebound.
8:11 of 2nd period - Sean Monahan wins face-off versus Steven Stamkos in Blackhawks zone.
8:11 of 2nd period - Joni Pitkanen is hit by Brett Skinner and loses puck.
8:45 of 2nd period - Minor Penalty to Taylor Hall for Slashing.
8:46 of 2nd period - Sean Monahan wins face-off versus Tyler Johnson in Blackhawks zone.
9:00 of 2nd period - Shot by Zach Bogosian.
9:00 of 2nd period - Shot Blocked by Steven Stamkos.
9:06 of 2nd period - Shot by Loui Eriksson.
9:06 of 2nd period - Deflect By Sean Monahan.
9:06 of 2nd period - Stopped by Nolan Schaefer with a rebound.
9:08 of 2nd period - Shot by Ryan Suter.
9:08 of 2nd period - Shot Misses the Net.
9:10 of 2nd period - Shot by Ryan Suter.
9:10 of 2nd period - Stopped by Nolan Schaefer without a rebound.
9:11 of 2nd period - Tyler Johnson wins face-off versus Anze Kopitar in Blackhawks zone.
10:08 of 2nd period - Icing by Michael Grabner.
10:09 of 2nd period - Martin Havlat wins face-off versus Michael Grabner in Stars zone.
13:37 of 2nd period - Icing by Justin Faulk.
13:38 of 2nd period - David Desharnais wins face-off versus Bryan Little in Blackhawks zone.
13:45 of 2nd period - Shot by Loui Eriksson.
13:45 of 2nd period - Stopped by Nolan Schaefer without a rebound.
13:46 of 2nd period - Ryan Nugent-Hopkins wins face-off versus David Desharnais in Blackhawks zone.
14:00 of 2nd period - Off-side.
14:01 of 2nd period - Mika Zibanejad wins face-off versus Anze Kopitar in neutral zone.
14:20 of 2nd period - Shot by Michael Grabner.
14:20 of 2nd period - Stopped by Nolan Schaefer without a rebound.
14:21 of 2nd period - Steven Stamkos wins face-off versus David Desharnais in Blackhawks zone.
14:21 of 2nd period - Steven Stamkos is hit by Loui Eriksson.
14:31 of 2nd period - Shot by Steven Stamkos.
14:31 of 2nd period - Deflect By Taylor Hall.
14:31 of 2nd period - Stopped by Frederik Andersen without a rebound.
14:32 of 2nd period - Ryan Nugent-Hopkins wins face-off versus Anze Kopitar in Stars zone.
14:33 of 2nd period - Shot by Jamie Benn.
14:33 of 2nd period - Deflect By Martin Havlat.
14:33 of 2nd period - Shot Misses the Net.
14:43 of 2nd period - Shot by Brent Aubin.
14:43 of 2nd period - Stopped by Nolan Schaefer without a rebound.
14:44 of 2nd period - Sean Monahan wins face-off versus Steven Stamkos in Blackhawks zone.
15:50 of 2nd period - Icing by Derek Forbort.
15:51 of 2nd period - Steven Stamkos wins face-off versus Anze Kopitar in Blackhawks zone.
16:14 of 2nd period - Shot by Brent Aubin.
16:14 of 2nd period - Shot Misses the Net.
16:40 of 2nd period - Shot by Bryan Little.
16:40 of 2nd period - Stopped by Frederik Andersen without a rebound.
16:41 of 2nd period - David Desharnais wins face-off versus Ryan Nugent-Hopkins in Stars zone.
16:45 of 2nd period - Off-side.
16:46 of 2nd period - David Desharnais wins face-off versus Ryan Nugent-Hopkins in neutral zone.
16:48 of 2nd period - Off-side.
16:49 of 2nd period - Ryan Nugent-Hopkins wins face-off versus David Desharnais in neutral zone.
16:59 of 2nd period - Icing by Victor Hedman.
17:00 of 2nd period - Sean Monahan wins face-off versus Ryan Nugent-Hopkins in Blackhawks zone.
17:03 of 2nd period - Shot by Milan Michalek.
17:03 of 2nd period - Shot Misses the Net.
18:00 of 2nd period - Minor Penalty to Joni Pitkanen for Hooking.
18:01 of 2nd period - David Desharnais wins face-off versus Tyler Johnson in Stars zone.
18:24 of 2nd period - Shot by Steven Stamkos.
18:24 of 2nd period - Deflect By Tyler Johnson.
18:24 of 2nd period - Stopped by Frederik Andersen with a rebound.
19:02 of 2nd period - Shot by Shea Weber.
19:02 of 2nd period - Deflect By Martin Havlat.
19:02 of 2nd period - Shot Misses the Net.
19:04 of 2nd period - Shot by Brett Skinner.
19:04 of 2nd period - Goal by Brett Skinner - Stars : 2 - Blackhawks : 2.
19:05 of 2nd period - Anze Kopitar wins face-off versus Jamie Devane in neutral zone.
19:12 of 2nd period - Shot by Anze Kopitar.
19:12 of 2nd period - Shot Misses the Net.
19:14 of 2nd period - Shot by Michael Grabner.
19:14 of 2nd period - Shot Misses the Net.
19:16 of 2nd period - Shot by Anze Kopitar.
19:16 of 2nd period - Shot Misses the Net.
Goals for this period are 0 for Stars vs 2 for Blackhawks.
Shots for this period are 9 for Stars vs 12 for Blackhawks.

3rd period


0:01 of 3rd period - Bryan Little wins face-off versus David Desharnais in neutral zone.
0:14 of 3rd period - Shot by Loui Eriksson.
0:14 of 3rd period - Shot Blocked by Shea Weber.
0:16 of 3rd period - Shot by Jeff Petry.
0:16 of 3rd period - Stopped by Nolan Schaefer without a rebound.
0:17 of 3rd period - Sean Monahan wins face-off versus Steven Stamkos in Blackhawks zone.
0:32 of 3rd period - Shot by Jeff Carter.
0:32 of 3rd period - Goal by Jeff Carter - Stars : 3 - Blackhawks : 2.
0:33 of 3rd period - Bryan Little wins face-off versus Loui Eriksson in neutral zone.
0:40 of 3rd period - Icing by Brett Pesce.
0:41 of 3rd period - David Desharnais wins face-off versus Nikolaj Ehlers in Stars zone.
0:45 of 3rd period - Off-side.
0:46 of 3rd period - Tyler Johnson wins face-off versus David Desharnais in neutral zone.
1:06 of 3rd period - Icing by Ryan Suter.
1:07 of 3rd period - Steven Stamkos wins face-off versus David Desharnais in Stars zone.
1:22 of 3rd period - Shot by Taylor Hall.
1:22 of 3rd period - Shot Misses the Net.
1:24 of 3rd period - Shot by Taylor Hall.
1:24 of 3rd period - Shot Misses the Net.
1:26 of 3rd period - Shot by John Carlson.
1:26 of 3rd period - Stopped by Frederik Andersen without a rebound.
1:27 of 3rd period - Anze Kopitar wins face-off versus Ryan Nugent-Hopkins in Stars zone.
1:32 of 3rd period - Justin Faulk is hit by Brent Aubin and loses puck.
1:47 of 3rd period - Shot by Ryan Nugent-Hopkins.
1:47 of 3rd period - Stopped by Frederik Andersen without a rebound.
1:48 of 3rd period - Sean Monahan wins face-off versus Steven Stamkos in Stars zone.
1:48 of 3rd period - Jeff Carter is hit by Taylor Hall and loses puck.
2:01 of 3rd period - Shot by Taylor Hall.
2:01 of 3rd period - Shot Blocked by Jeff Carter.
2:03 of 3rd period - Shot by Taylor Hall.
2:03 of 3rd period - Stopped by Frederik Andersen without a rebound.
2:04 of 3rd period - Bryan Little wins face-off versus David Desharnais in Stars zone.
3:06 of 3rd period - Icing by Martin Havlat.
3:07 of 3rd period - Martin Havlat wins face-off versus Anze Kopitar in Blackhawks zone.
3:34 of 3rd period - Shot by Ryan Nugent-Hopkins.
3:34 of 3rd period - Shot Misses the Net.
3:40 of 3rd period - Shot by Justin Faulk.
3:40 of 3rd period - Shot Blocked by Anze Kopitar.
3:42 of 3rd period - Shot by Derek Forbort.
3:42 of 3rd period - Stopped by Frederik Andersen with a rebound.
3:44 of 3rd period - Shot by Ryan Nugent-Hopkins.
3:44 of 3rd period - Stopped by Frederik Andersen without a rebound.
3:45 of 3rd period - Sean Monahan wins face-off versus Taylor Hall in Stars zone.
4:05 of 3rd period - Icing by Zach Bogosian.
4:06 of 3rd period - Sean Monahan wins face-off versus Bryan Little in Stars zone.
4:06 of 3rd period - Sean Monahan is hit by Bryan Little.
4:29 of 3rd period - Icing by Bryan Little.
4:30 of 3rd period - Tyler Johnson wins face-off versus Anze Kopitar in Blackhawks zone.
5:10 of 3rd period - Icing by Brett Pesce.
5:11 of 3rd period - Steven Stamkos wins face-off versus Anze Kopitar in Stars zone.
5:11 of 3rd period - Nikolaj Ehlers is hit by Jeff Petry and loses puck.
5:32 of 3rd period - Shot by Nikolaj Ehlers.
5:32 of 3rd period - Stopped by Frederik Andersen with a rebound.
5:44 of 3rd period - Shot by Steven Stamkos.
5:44 of 3rd period - Stopped by Frederik Andersen without a rebound.
5:45 of 3rd period - Sean Monahan wins face-off versus Ryan Nugent-Hopkins in Stars zone.
5:58 of 3rd period - Kevin Shattenkirk is hit by Jamie Benn and loses puck.
7:12 of 3rd period - Icing by Joni Pitkanen.
7:13 of 3rd period - Sean Monahan wins face-off versus Steven Stamkos in Stars zone.
7:21 of 3rd period - Taylor Hall is hit by Joni Pitkanen and loses puck.
7:24 of 3rd period - Shot by Taylor Hall.
7:24 of 3rd period - Shot Misses the Net.
7:26 of 3rd period - Shot by Taylor Hall.
7:26 of 3rd period - Shot Misses the Net.
7:28 of 3rd period - Shot by Steven Stamkos.
7:28 of 3rd period - Shot Blocked by Joni Pitkanen.
7:31 of 3rd period - Steven Stamkos is hit by Joni Pitkanen and loses puck.
7:38 of 3rd period - Shot by Nikolaj Ehlers.
7:38 of 3rd period - Goal by Nikolaj Ehlers - Stars : 3 - Blackhawks : 3.
7:39 of 3rd period - Ryan Nugent-Hopkins wins face-off versus David Desharnais in neutral zone.
7:47 of 3rd period - Icing by David Desharnais.
7:48 of 3rd period - Bryan Little wins face-off versus David Desharnais in Stars zone.
8:05 of 3rd period - Shot by Mika Zibanejad.
8:05 of 3rd period - Shot Hit the Post.
8:07 of 3rd period - Shot by Tyler Johnson.
8:07 of 3rd period - Deflect By Bryan Little.
8:07 of 3rd period - Stopped by Frederik Andersen without a rebound.
8:08 of 3rd period - Steven Stamkos wins face-off versus Michael Grabner in Stars zone.
8:39 of 3rd period - Taylor Hall is hit by Brent Aubin and loses puck.
9:27 of 3rd period - Off-side.
9:28 of 3rd period - Brian Flynn wins face-off versus Bryan Little in neutral zone.
9:32 of 3rd period - Kevin Shattenkirk is hit by Derek Forbort and loses puck.
9:35 of 3rd period - Shot by Jim Slater.
9:35 of 3rd period - Shot Misses the Net.
10:13 of 3rd period - Shot by Sean Monahan.
10:13 of 3rd period - Stopped by Nolan Schaefer without a rebound.
10:14 of 3rd period - Ryan Nugent-Hopkins wins face-off versus Anze Kopitar in Blackhawks zone.
10:24 of 3rd period - Off-side.
10:25 of 3rd period - Sean Monahan wins face-off versus Nikolaj Ehlers in neutral zone.
11:02 of 3rd period - Shot by Taylor Hall.
11:02 of 3rd period - Stopped by Frederik Andersen without a rebound.
11:03 of 3rd period - Jamie Benn wins face-off versus Anze Kopitar in Stars zone.
11:08 of 3rd period - Shot by Martin Havlat.
11:08 of 3rd period - Stopped by Frederik Andersen without a rebound.
11:09 of 3rd period - David Desharnais wins face-off versus Ryan Nugent-Hopkins in Stars zone.
11:13 of 3rd period - Icing by Loui Eriksson.
11:14 of 3rd period - Martin Havlat wins face-off versus David Desharnais in Stars zone.
11:19 of 3rd period - Shot by Martin Havlat.
11:19 of 3rd period - Stopped by Frederik Andersen with a rebound.
11:46 of 3rd period - Shot by Loui Eriksson.
11:46 of 3rd period - Stopped by Nolan Schaefer without a rebound.
11:47 of 3rd period - Steven Stamkos wins face-off versus Anze Kopitar in Blackhawks zone.
11:59 of 3rd period - Steven Stamkos is hit by Brent Aubin and loses puck.
12:22 of 3rd period - Shot by Steven Stamkos.
12:22 of 3rd period - Stopped by Frederik Andersen without a rebound.
12:23 of 3rd period - Ryan Nugent-Hopkins wins face-off versus David Desharnais in Stars zone.
12:26 of 3rd period - Shot by Jamie Benn.
12:26 of 3rd period - Shot Misses the Net.
12:34 of 3rd period - Shot by Martin Havlat.
12:34 of 3rd period - Shot Misses the Net.
12:36 of 3rd period - Shot by Martin Havlat.
12:36 of 3rd period - Shot Misses the Net.
12:54 of 3rd period - Shot by Martin Havlat.
12:54 of 3rd period - Shot Blocked by Zach Bogosian.
13:04 of 3rd period - Shot by Ryan Nugent-Hopkins.
13:04 of 3rd period - Stopped by Frederik Andersen without a rebound.
13:05 of 3rd period - Anze Kopitar wins face-off versus Bryan Little in Stars zone.
13:05 of 3rd period - Anze Kopitar is hit by Mika Zibanejad.
13:08 of 3rd period - Michael Grabner is hit by Mika Zibanejad and loses puck.
13:17 of 3rd period - Shot by Bryan Little.
13:17 of 3rd period - Deflect By Tyler Johnson.
13:17 of 3rd period - Shot Misses the Net.
13:19 of 3rd period - Shot by Bryan Little.
13:19 of 3rd period - Shot Misses the Net.
13:21 of 3rd period - Shot by Victor Hedman.
13:21 of 3rd period - Shot Blocked by Brett Pesce.
13:23 of 3rd period - Shot by Mika Zibanejad.
13:23 of 3rd period - Shot Misses the Net.
13:25 of 3rd period - Shot by Shea Weber.
13:25 of 3rd period - Stopped by Frederik Andersen with a rebound.
14:12 of 3rd period - Shot by Taylor Hall.
14:12 of 3rd period - Shot Misses the Net.
14:14 of 3rd period - Shot by Taylor Hall.
14:14 of 3rd period - Shot Misses the Net.
14:29 of 3rd period - Icing by Brett Pesce.
14:30 of 3rd period - Ryan Nugent-Hopkins wins face-off versus Michael Grabner in Stars zone.
14:55 of 3rd period - Shot by Ryan Nugent-Hopkins.
14:55 of 3rd period - Stopped by Frederik Andersen with a rebound.
14:59 of 3rd period - Shot by Jamie Benn.
14:59 of 3rd period - Deflect By Martin Havlat.
14:59 of 3rd period - Stopped by Frederik Andersen without a rebound.
15:00 of 3rd period - Steven Stamkos wins face-off versus David Desharnais in Stars zone.
15:37 of 3rd period - Icing by Shea Weber.
15:38 of 3rd period - Steven Stamkos wins face-off versus Sean Monahan in Blackhawks zone.
15:38 of 3rd period - Steven Stamkos is hit by Jeff Carter.
15:54 of 3rd period - Shot by Steven Stamkos.
15:54 of 3rd period - Deflect By Nikolaj Ehlers.
15:54 of 3rd period - Stopped by Frederik Andersen with a rebound.
16:40 of 3rd period - Minor Penalty to Brett Skinner for Hooking.
16:41 of 3rd period - Taylor Hall wins face-off versus David Desharnais in Blackhawks zone.
16:58 of 3rd period - Shot by Loui Eriksson.
16:58 of 3rd period - Stopped by Nolan Schaefer without a rebound.
16:59 of 3rd period - Anze Kopitar wins face-off versus Taylor Hall in Blackhawks zone.
17:20 of 3rd period - Shot by Zach Bogosian.
17:20 of 3rd period - Shot Blocked by Justin Faulk.
17:30 of 3rd period - Shot by Ryan Suter.
17:30 of 3rd period - Shot Misses the Net.
17:32 of 3rd period - Shot by Zach Bogosian.
17:32 of 3rd period - Shot Misses the Net.
18:02 of 3rd period - Shot by Loui Eriksson.
18:02 of 3rd period - Deflect By Brent Aubin.
18:02 of 3rd period - Stopped by Nolan Schaefer without a rebound.
18:03 of 3rd period - Sean Monahan wins face-off versus Martin Havlat in Blackhawks zone.
18:17 of 3rd period - Shot by Kevin Shattenkirk.
18:17 of 3rd period - Shot Misses the Net.
18:19 of 3rd period - Shot by Kevin Shattenkirk.
18:19 of 3rd period - Stopped by Nolan Schaefer with a rebound.
18:25 of 3rd period - Shot by Brent Aubin.
18:25 of 3rd period - Stopped by Nolan Schaefer without a rebound.
18:26 of 3rd period - Anze Kopitar wins face-off versus Tyler Johnson in Blackhawks zone.
18:43 of 3rd period - Shot by David Desharnais.
18:43 of 3rd period - Shot Hit the Post.
18:45 of 3rd period - Shot by Jim Slater.
18:45 of 3rd period - Shot Misses the Net.
18:47 of 3rd period - Shot by David Desharnais.
18:47 of 3rd period - Shot Misses the Net.
19:03 of 3rd period - Shot by David Desharnais.
19:03 of 3rd period - Stopped by Nolan Schaefer without a rebound.
19:04 of 3rd period - Ryan Nugent-Hopkins wins face-off versus Anze Kopitar in Blackhawks zone.
19:04 of 3rd period - John Carlson is hit by Brent Aubin and loses puck.
19:12 of 3rd period - John Carlson is hit by Zach Bogosian.
19:59 of 3rd period - Tyler Johnson is hit by Zach Bogosian.
Goals for this period are 1 for Stars vs 1 for Blackhawks.
Shots for this period are 9 for Stars vs 18 for Blackhawks.

Overtime #1


0:01 of 1st overtime period - Jeff Carter wins face-off versus Steven Stamkos in neutral zone.
1:18 of 1st overtime period - Shot by Loui Eriksson.
1:18 of 1st overtime period - Stopped by Nolan Schaefer without a rebound.
1:19 of 1st overtime period - Sean Monahan wins face-off versus Tyler Johnson in Blackhawks zone.
3:00 of 1st overtime period - Shot by Loui Eriksson.
3:00 of 1st overtime period - Shot Blocked by Steven Stamkos.
3:02 of 1st overtime period - Shot by Loui Eriksson.
3:02 of 1st overtime period - Deflect By Milan Michalek.
3:02 of 1st overtime period - Shot Misses the Net.
3:04 of 1st overtime period - Shot by Ryan Suter.
3:04 of 1st overtime period - Deflect By Loui Eriksson.
3:04 of 1st overtime period - Shot Blocked by Derek Forbort.
4:34 of 1st overtime period - Shot by Sean Monahan.
4:34 of 1st overtime period - Stopped by Nolan Schaefer without a rebound.
4:35 of 1st overtime period - Mika Zibanejad wins face-off versus Loui Eriksson in Blackhawks zone.
4:46 of 1st overtime period - Icing by Loui Eriksson.
4:47 of 1st overtime period - Bryan Little wins face-off versus Loui Eriksson in Stars zone.
Goals for this period are 0 for Stars vs 0 for Blackhawks.
Shots for this period are 2 for Stars vs 0 for Blackhawks.

ShootOut


5:00 of 1st overtime period - Penalty Shot by Loui Eriksson for Stars.
5:00 of 1st overtime period - Stopped by Nolan Schaefer.
5:00 of 1st overtime period - Penalty Shot by Steven Stamkos for Blackhawks.
5:00 of 1st overtime period - Goal by Steven Stamkos.
5:00 of 1st overtime period - Penalty Shot by Jeff Carter for Stars.
5:00 of 1st overtime period - Stopped by Nolan Schaefer.
5:00 of 1st overtime period - Penalty Shot by Nikolaj Ehlers for Blackhawks.
5:00 of 1st overtime period - Goal by Nikolaj Ehlers.